 Dungeon Crawl Stone Soup version 0.26-a0-394-g0b5ff556b1 (webtiles) character file.

Game seed: 2325818685299377993

18191 Misa the Thaumaturge (level 12, -21/91 HPs)
             Began as a Gnoll Fire Elementalist on July 23, 2020.
             Was a Priest of Vehumet.
             Hit by a large rock thrown by a cyclops (27 damage)
             ... on level 12 of the Dungeon.
             The game lasted 01:04:42 (24252 turns).

Misa the Thaumaturge (Gnoll Fire Elementalist)     Turns: 24252, Time: 01:04:42

Health: -21/91     AC:  8    Str: 14    XL:     12   Next: 55%
Magic:  27/34      EV: 16    Int: 24    God:    Vehumet [***...]
Gold:   370        SH:  5    Dex: 11    Spells: 13/29 levels left

rFire    + . .     SeeInvis +   H - +0 short sword (venom)
rCold    . . .     Faith    .   S - +0 buckler of the Old World {+Fly rElec rF+ Str+3 Dex-5} (curse)
rNeg     . . .     Spirit   .   L - +1 robe {Archmagi}
rPois    +         Reflect  .   U - +0 hat {SInv}
rElec    +         Harm     .   N - +1 cloak {rCorr}
rCorr    +                      w - +0 pair of gloves "Polad" {Int+2}
MR       .....                  G - +0 pair of boots
Stlth    ++++......             (no amulet)
HPRegen  0.25/turn              T - ring of poison resistance
MPRegen  0.24/turn              R - ring of magical power

@: no status effects
A: distributed training, fangs 1, strong nose
a: Renounce Religion, Evoke Flight


You were on level 12 of the Dungeon.
You worshipped Vehumet.
Vehumet was most pleased with you.
You visited 2 branches of the dungeon, and saw 13 of its levels.

You collected 885 gold pieces.
You spent 515 gold pieces at shops.

Inventory:

Hand Weapons
 H - a +0 short sword of venom (weapon)
 P - a +0 dagger of protection
Missiles
 A - 7 atropa-tipped darts (quivered)
Armour
 w - the +0 pair of gloves "Polad" (worn) {Int+2}
   (You found it on level 4 of the Dungeon)

   It affects your intelligence (+2).
 G - a +0 pair of boots (worn)
 L - a +1 robe of the Archmagi (worn)
 N - a +1 cloak of preservation (worn)
 S - the cursed +0 buckler of the Old World (worn) {+Fly rElec rF+ Str+3 Dex-5}
   (You bought it in a shop on level 11 of the Dungeon)

   It affects your strength (+3).
   It affects your dexterity (-5).
   It protects you from fire.
   It insulates you from electricity.
   It lets you fly.
   It has a curse placed upon it.
 U - a +0 hat of see invisible (worn)
Jewellery
 C - an uncursed ring of protection from cold
 J - an uncursed ring of flight
 R - a ring of magical power (right hand)
 T - a ring of poison resistance (left hand)
Wands
 a - a wand of digging (5)
 d - a wand of clouds (11)
 y - a wand of polymorph (10)
 K - a wand of enslavement (15)
Scrolls
 b - 2 scrolls of noise
 g - 4 scrolls of remove curse
 j - 9 scrolls of teleportation
 n - 3 scrolls of blinking
 p - 2 scrolls of identify
 s - 2 scrolls of fear
 v - 2 scrolls of amnesia {unknown}
 x - 4 scrolls of enchant weapon {unknown}
 F - 2 scrolls of magic mapping {unknown}
 M - a scroll of summoning
 O - a scroll of fog
 Q - 3 scrolls of random uselessness {unknown}
Potions
 c - 3 potions of curing
 e - 3 potions of lignification {unknown}
 f - a potion of ambrosia {unknown}
 h - 6 potions of heal wounds {unknown}
 i - a potion of resistance {unknown}
 k - 2 potions of haste {unknown}
 l - 2 potions of cancellation {unknown}
 m - 7 potions of degeneration {unknown}
 o - a potion of magic {unknown}
 r - 5 potions of might {unknown}
 t - 2 potions of berserk rage {unknown}
 z - 2 potions of brilliance {unknown}
 B - a potion of stabbing {unknown}
 D - 4 potions of flight {unknown}
 E - 3 potions of mutation {unknown}


   Skills:
 + Level 7.4 Fighting
 + Level 7.4 Short Blades
 + Level 7.4 Long Blades
 + Level 7.4 Axes
 + Level 7.4 Maces & Flails
 + Level 7.4 Polearms
 + Level 7.4 Staves
 + Level 7.4 Slings
 + Level 7.4 Bows
 + Level 7.4 Crossbows
 + Level 7.4 Throwing
 + Level 7.4 Armour
 + Level 8.8 Dodging
 + Level 8.6 Stealth
 + Level 7.4 Shields
 + Level 7.4 Unarmed Combat
 + Level 9.0 Spellcasting
 + Level 6.5 Conjurations
 + Level 6.1 Hexes
 + Level 6.1 Summonings
 + Level 6.1 Necromancy
 + Level 6.1 Translocations
 + Level 6.1 Transmutations
 + Level 8.3 Fire Magic
 + Level 6.1 Ice Magic
 + Level 6.1 Air Magic
 + Level 6.1 Earth Magic
 + Level 6.1 Poison Magic
 + Level 8.1 Invocations
 + Level 7.4 Evocations


You had 13 spell levels left.
You knew the following spells:

 Your Spells              Type           Power        Failure   Level
a - Foxfire               Conj/Fire      ####         1%          1
b - Dazzling Flash        Conj/Hex       ######       1%          3
c - Fireball              Conj/Fire      ######....   2%          5
d - Apportation           Tloc           ######       1%          1
e - Blink                 Tloc           N/A          1%          2
f - Mephitic Cloud        Conj/Pois/Air  ######..     1%          3
g - Animate Skeleton      Necr           ######       1%          1

Your spell library contained the following spells:

 Spells                   Type           Power        Failure   Level
 Olgreb's Toxic Radiance  Pois           ######..     1%          4
 Beastly Appendage        Tmut           ######       1%          1
 Corona                   Hex            ######.      1%          1
 Magic Dart               Conj           ####         1%          1
 Summon Small Mammal      Summ           ####         1%          1
 Call Imp                 Summ           ######..     1%          2
 Searing Ray              Conj           ######       1%          2
 Slow                     Hex            ######..     1%          2
 Wereblood                Tmut           ######..     1%          2
 Conjure Flame            Conj/Fire      ######..     1%          3
 Inner Flame              Hex/Fire       ######..     1%          3
 Spider Form              Tmut/Pois      ######....   1%          3
 Fulminant Prism          Conj/Hex       ######....   1%          4
 Iskenderun's Mystic Bla  Conj/Tloc      ######..     1%          4
 Sticky Flame             Conj/Fire      ######..     1%          4
 Ice Form                 Ice/Tmut       ######..     4%          4
 Blade Hands              Tmut           ######....   13%         5


Dungeon Overview and Level Annotations

Branches:
Dungeon (12/15)            Temple (1/1) D:6            Lair (0/6) D:10
    Orc: D:9-12

Altars:
Ashenzari
Cheibriados
Dithmenos
Elyvilon
Fedhas
Gozag
Hepliaklqana
Kikubaaqudgha
Makhleb
Nemelex Xobeh
Okawaru
Qazlal
Ru
Sif Muna
Trog
Uskayaw
Vehumet
Wu Jian
Xom
Yredelemnul
Zin
The Shining One

Shops:
D:5 [   D:8 :   D:10 :   D:11 *

Annotations:
D:9 exclusion: unseen horror
D:12 Urug


Innate Abilities, Weirdness & Mutations

Your experience applies equally to all skills.
You have very sharp teeth.
Your uncanny sense of smell can sniff out nearby items.


Message History

The cyclops is severely wounded.
The foxfire hits the cyclops.
The cyclops is severely wounded.
There is a stone staircase leading up, spattered with blood here.
There is a stone staircase leading up, spattered with blood here.
Casting: Foxfire (safe; 1% risk of failure)
Confirm with . or Enter, or press ? or * to list all spells.
You feel a surge of power!
You conjure some foxfire!
The foxfire hits the cyclops.
The cyclops is severely wounded.
The foxfire hits the cyclops.
The cyclops is almost dead.
The cyclops hits you!!
* * * LOW HITPOINT WARNING * * *
There is a stone staircase leading up, spattered with blood here.
Your foxfire dissipates!
The foxfire hits the cyclops but does no damage.
The cyclops is almost dead.
The cyclops throws a large rock.
The large rock hits you!!
You die...

#....#########....#..
#....#......(#....#>.
#.#....#.......#....#..
#.#....#.......#....#..
#.#....#.......#....#..
#.#....#######'#....'..
#.#...§.............#.. #######
#.#.C<§..........####.. ....#.#
#.#...@..........#.....
....#.#####.##'##..........#.....
....'...........#..........#.....
#...#.....#####.'..........#.....
#...#.....#...#.#..........#.....
#...#.....#...#.#....##+####.....
#...#.....#...#.#....#......>....
#...#.....#...#.#....#...........
#.###.....+.^.#.#....#...........


You could see a cyclops.

Vanquished Creatures
  Gastronok (D:7)
  A hydra (D:12)
  A two-headed ogre (D:11)
  5 death yaks
  A cyclops (D:11)
  Maurice (D:8)
  2 gargoyles
  A komodo dragon (D:8)
  2 trolls (D:11)
  Grinder (D:4)
  2 hippogriffs (D:9)
  Prince Ribbit (D:6)
  11 yaks
  Grum (D:11)
  A water elemental (D:12)
  Eustachio (D:5)
  5 sky beasts
  9 orc warriors
  2 ice beasts
  A black bear (D:11)
  5 ogres
  A necrophage (D:8)
  2 phantoms
  2 wolves (D:11)
  4 centaurs
  2 big kobolds
  7 bullfrogs
  3 scorpions
  2 wyvern skeletons
  9 killer bees
  17 wights
  3 howler monkeys
  4 centaur zombies
  2 bullfrog skeletons (D:12)
  8 orc priests
  A jelly (D:6)
  9 hounds
  2 centaur skeletons
  An iguana (D:9)
  20 orc wizards
  9 worker ants
  A hound zombie (D:8)
  A hound skeleton (D:4)
  3 worker ant zombies
  Robin (D:4)
  13 adders
  7 gnolls
  4 white imps
  3 ufetubi
  An adder zombie (D:8)
  2 adder skeletons
  A worm (D:4)
  3 dart slugs
  4 leopard geckos
  66 orcs
  5 giant cockroaches
  19 goblins
  12 hobgoblins
  3 jackals (D:6)
  14 kobolds
  5 quokkas
  A ball python (D:5)
  7 bats
  3 frilled lizards
  3 quokka zombies
  7 rats
  A foxfire (D:9)
353 creatures vanquished.

Vanquished Creatures (others)
  2326 foxfires
2326 creatures vanquished.

Grand Total: 2679 creatures vanquished

Notes
Turn   | Place    | Note
-------+----------+-------------------------------------------
     0 | D:1      | Misa the Gnoll Fire Elementalist began the quest for the
                  | Orb.
     0 | D:1      | Reached XP level 1. HP: 13/13 MP: 6/6
   106 | D:1      | Reached XP level 2. HP: 19/19 MP: 4/7
   888 | D:2      | Reached XP level 3. HP: 25/25 MP: 3/9
   967 | D:2      | Reached skill level 5 in Spellcasting
  1081 | D:2      | Reached skill level 1 in Invocations
  1114 | D:2      | Reached skill level 1 in Fighting
  1114 | D:2      | Reached skill level 1 in Short Blades
  1114 | D:2      | Reached skill level 1 in Long Blades
  1114 | D:2      | Reached skill level 1 in Axes
  1114 | D:2      | Reached skill level 1 in Maces & Flails
  1114 | D:2      | Reached skill level 1 in Polearms
  1114 | D:2      | Reached skill level 1 in Staves
  1114 | D:2      | Reached skill level 1 in Slings
  1114 | D:2      | Reached skill level 1 in Bows
  1114 | D:2      | Reached skill level 1 in Crossbows
  1114 | D:2      | Reached skill level 1 in Throwing
  1114 | D:2      | Reached skill level 1 in Armour
  1114 | D:2      | Reached skill level 1 in Shields
  1114 | D:2      | Reached skill level 1 in Unarmed Combat
  1114 | D:2      | Reached skill level 1 in Evocations
  1369 | D:2      | Reached XP level 4. HP: 32/32 MP: 6/11
  1601 | D:2      | Found a sacrificial altar of Ru.
  1690 | D:2      | Reached skill level 1 in Hexes
  1690 | D:2      | Reached skill level 1 in Summonings
  1690 | D:2      | Reached skill level 1 in Necromancy
  1690 | D:2      | Reached skill level 1 in Translocations
  1690 | D:2      | Reached skill level 1 in Transmutations
  1690 | D:2      | Reached skill level 1 in Ice Magic
  1690 | D:2      | Reached skill level 1 in Air Magic
  1690 | D:2      | Reached skill level 1 in Earth Magic
  1690 | D:2      | Reached skill level 1 in Poison Magic
  1767 | D:2      | Reached XP level 5. HP: 37/37 MP: 6/12
  2204 | D:3      | Found a sparkling altar of Nemelex Xobeh.
  3041 | D:4      | Noticed Robin
  3252 | D:4      | Killed Robin
  3298 | D:4      | Got a pair of glimmering gloves
  3303 | D:4      | Identified the +0 pair of gloves "Polad" {Int+2} (You found
                  | it on level 4 of the Dungeon)
  3367 | D:4      | Reached XP level 6. HP: 44/44 MP: 5/13
  3504 | D:4      | Noticed Grinder
  3510 | D:4      | Paralysed by Grinder for 2 turns
  3518 | D:4      | Killed Grinder
  3518 | D:4      | Reached skill level 5 in Dodging
  3518 | D:4      | Reached XP level 7. HP: 50/50 MP: 3/15
  4292 | D:5      | Entered Level 5 of the Dungeon
  4292 | D:5      | Noticed Eustachio
  4358 | D:5      | Reached skill level 5 in Stealth
  4601 | D:5      | Reached XP level 8. HP: 57/57 MP: 9/16
  4666 | D:5      | Killed Eustachio
  4807 | D:5      | Found Gadoirch's Armour Shoppe.
  4831 | D:5      | Reached skill level 6 in Spellcasting
  6249 | D:6      | Found a staircase to the Ecumenical Temple.
  6259 | Temple   | Entered the Ecumenical Temple
  6436 | Temple   | Became a worshipper of Vehumet
  6514 | D:6      | Reached XP level 9. HP: 65/65 MP: 10/18
  6576 | D:6      | Noticed Prince Ribbit
  6579 | D:6      | Killed Prince Ribbit
  7358 | D:7      | Found a stormy altar of Qazlal.
  8278 | D:8      | Found Noinlyl's Book Shoppe.
  8604 | D:8      | Noticed Maurice
  8738 | D:8      | Killed Maurice
  8738 | D:8      | Reached * piety under Vehumet
  8738 | D:8      | Offered knowledge of Magic Dart by Vehumet.
  8738 | D:8      | Reached skill level 5 in Invocations
  9146 | D:8      | Reached skill level 7 in Spellcasting
  9348 | D:8      | Noticed Gastronok
  9590 | D:8      | Reached XP level 10. HP: 56/73 MP: 10/20
 10008 | D:8      | Learned a level 3 spell: Dazzling Flash
 10014 | D:8      | Learned a level 5 spell: Fireball
 10088 | D:8      | Reached skill level 5 in Fighting
 10088 | D:8      | Reached skill level 5 in Short Blades
 10088 | D:8      | Reached skill level 5 in Long Blades
 10088 | D:8      | Reached skill level 5 in Axes
 10088 | D:8      | Reached skill level 5 in Maces & Flails
 10088 | D:8      | Reached skill level 5 in Polearms
 10088 | D:8      | Reached skill level 5 in Staves
 10088 | D:8      | Reached skill level 5 in Slings
 10088 | D:8      | Reached skill level 5 in Bows
 10088 | D:8      | Reached skill level 5 in Crossbows
 10088 | D:8      | Reached skill level 5 in Throwing
 10088 | D:8      | Reached skill level 5 in Armour
 10088 | D:8      | Reached skill level 5 in Shields
 10088 | D:8      | Reached skill level 5 in Unarmed Combat
 10088 | D:8      | Reached skill level 5 in Evocations
 10239 | D:8      | HP: 2/74 [komodo dragon (26)]
 11997 | D:9      | Found a basalt altar of Yredelemnul.
 12003 | D:9      | Found a snail-covered altar of Cheibriados.
 12003 | D:9      | Found a sparkling altar of Nemelex Xobeh.
 12007 | D:9      | Found an iron altar of Okawaru.
 12011 | D:9      | Found a shadowy altar of Dithmenos.
 12296 | D:9      | Offered knowledge of Shock by Vehumet.
 12452 | D:9      | Reached ** piety under Vehumet
 12499 | D:9      | Reached skill level 5 in Conjurations
 13231 | D:9      | Noticed an unseen horror
 14283 | D:9      | Reached XP level 11. HP: 81/81 MP: 6/22
 14531 | D:10     | Entered Level 10 of the Dungeon
 14700 | D:10     | Found a staircase to the Lair.
 14700 | D:10     | Noticed a death yak
 14700 | D:10     | Noticed a death yak
 14700 | D:10     | Noticed a death yak
 14700 | D:10     | Noticed a death yak
 14700 | D:10     | Noticed a death yak
 14796 | D:10     | Learned a level 1 spell: Apportation
 14852 | D:10     | Offered knowledge of Ignite Poison by Vehumet.
 16613 | D:9      | Killed a death yak
 16613 | D:9      | Reached skill level 5 in Hexes
 16613 | D:9      | Reached skill level 5 in Summonings
 16613 | D:9      | Reached skill level 5 in Necromancy
 16613 | D:9      | Reached skill level 5 in Translocations
 16613 | D:9      | Reached skill level 5 in Transmutations
 16613 | D:9      | Reached skill level 5 in Ice Magic
 16613 | D:9      | Reached skill level 5 in Air Magic
 16613 | D:9      | Reached skill level 5 in Earth Magic
 16613 | D:9      | Reached skill level 5 in Poison Magic
 17051 | D:10     | Reached skill level 8 in Spellcasting
 18177 | D:10     | Found Xituz's Book Shop.
 18185 | D:10     | Bought a book of Minor Magic for 240 gold pieces
 18188 | D:10     | Learned a level 2 spell: Blink
 18192 | D:10     | Learned a level 3 spell: Mephitic Cloud
 19150 | D:8      | Killed a death yak
 19504 | D:8      | Killed a death yak
 19868 | D:11     | Noticed a two-headed ogre
 19889 | D:10     | Killed a death yak
 20453 | D:10     | Killed a death yak
 20797 | D:11     | Killed a two-headed ogre
 20901 | D:11     | Learned a level 1 spell: Animate Skeleton
 21185 | D:11     | Reached *** piety under Vehumet
 21538 | D:11     | Found Ofruhan's Assorted Antiques.
 21599 | D:11     | Bought a crude buckler for 275 gold pieces
 21604 | D:11     | Identified the cursed +0 buckler of the Old World {+Fly
                  | rElec rF+ Str+3 Dex-5} (You bought it in a shop on level 11
                  | of the Dungeon)
 21691 | D:10     | Reached XP level 12. HP: 63/89 MP: 22/24
 22514 | D:11     | Noticed Grum
 22525 | D:11     | Killed Grum
 22769 | D:11     | Offered knowledge of Olgreb's Toxic Radiance by Vehumet.
 23220 | D:7      | Killed Gastronok
 23563 | D:12     | Noticed a four-headed hydra
 23699 | D:12     | Killed a four-headed hydra
 23699 | D:12     | Reached skill level 9 in Spellcasting
 24058 | D:12     | Noticed Urug
 24252 | D:12     | Hit by a large rock thrown by a cyclops

Illustrated notes

Levels and vault maps discovered:
D:1:      eino_arrival_tree_alley, layout_loops_ring
D:2:      layout_basic, overflow_temple_1_default, item_on_display_a
D:3:      layout_loops_ring, nemelex_lonely_heart_becter
D:4:      layout_basic, st_stairs_6, chequers_jeans, uniq_robin, uniq_grinder
D:5:      layout_rooms, serial_shops, shop, nicolae_zen_rock_garden,
          uniq_eustachio
D:6:      layout_basic, minmay_temple_entry_poolview, uniq_prince_ribbit1
D:7:      layout_basic, basic_altar, nicolae_underground_beach
D:8:      minmay_the_grid_plus [minmay_the_grid_expand,
          minmay_the_grid_large_cup, minmay_the_grid_odd_star,
          minmay_the_grid_all_tris, minmay_the_grid_prize_four_corners],
          layout_basic, serial_shops, shop, uniq_maurice, uniq_gastronok
D:9:      layout_loops_ring, minitemple
D:10:     layout_basic, dpeg_lair_monsters, serial_shops, nicolae_shop_stone,
          lightli_orcish_oven
D:11:     layout_loops_corners, serial_shops, shop, uniq_grum
D:12:     layout_irregular_city, erik_orc_3, basic_altar, fountainhead,
          uniq_urug
Temple:   eino_temple_scatter_basement

Skill      XL: |  1  2  3  4  5  6  7  8  9 10 11 12 |
---------------+-------------------------------------+-----
Conjurations   | 2 3 4 5 6 |  6.5
Spellcasting   | 5 6 7 8 9 |  9.0
Invocations    | 1 2 3 4 5 6 7 8 |  8.1
Fighting       | 1 2 3 4 5 6 7 |  7.4
Short Blades   | 1 2 3 4 5 6 7 |  7.4
Long Blades    | 1 2 3 4 5 6 7 |  7.4
Axes           | 1 2 3 4 5 6 7 |  7.4
Maces & Flails | 1 2 3 4 5 6 7 |  7.4
Polearms       | 1 2 3 4 5 6 7 |  7.4
Staves         | 1 2 3 4 5 6 7 |  7.4
Slings         | 1 2 3 4 5 6 7 |  7.4
Bows           | 1 2 3 4 5 6 7 |  7.4
Crossbows      | 1 2 3 4 5 6 7 |  7.4
Throwing       | 1 2 3 4 5 6 7 |  7.4
Armour         | 1 2 3 4 5 6 7 |  7.4
Shields        | 1 2 3 4 5 6 7 |  7.4
Unarmed Combat | 1 2 3 4 5 6 7 |  7.4
Evocations     | 1 2 3 4 5 6 7 |  7.4
Hexes          | 1 2 3 4 5 6 |  6.1
Summonings     | 1 2 3 4 5 6 |  6.1
Necromancy     | 1 2 3 4 5 6 |  6.1
Translocations | 1 2 3 4 5 6 |  6.1
Transmutations | 1 2 3 4 5 6 |  6.1
Ice Magic      | 1 2 3 4 5 6 |  6.1
Air Magic      | 1 2 3 4 5 6 |  6.1
Earth Magic    | 1 2 3 4 5 6 |  6.1
Poison Magic   | 1 2 3 4 5 6 |  6.1
Dodging        | 5 6 7 8 |  8.8
Stealth        | 5 6 7 8 |  8.6
Fire Magic     | 6 7 8 |  8.3

Action                   |  1- 3 |  4- 6 |  7- 9 | 10-12 || total
-------------------------+-------+-------+-------+-------++-------
Melee: Dagger            |     5 |    18 |     3 |       ||    26
       Bite              |       |     1 |       |     2 ||     3
       Short sword       |       |       |     4 |    32 ||    36
 Cast: Foxfire           |    71 |   109 |   428 |   818 ||  1426
       Fireball          |       |       |       |    77 ||    77
       Dazzling Flash    |       |       |       |     5 ||     5
       Blink             |       |       |       |    16 ||    16
       Mephitic Cloud    |       |       |       |     4 ||     4
       Apportation       |       |       |       |     4 ||     4
       Animate Skeleton  |       |       |       |     3 ||     3
  Use: Scroll            |       |       |     1 |     7 ||     8
 Stab: Sleeping          |     2 |     3 |     3 |     5 ||    13
Armor: Robe              |       |     8 |    28 |    56 ||    92
Dodge: Dodged            |     7 |    16 |    91 |   241 ||   355
Block: Buckler           |       |       |       |    25 ||    25

Table legend: (Time is in decaauts)
 A = Elapsed time spent in this place.
 B = Non-inter-level travel time spent in this place.
 C = Inter-level travel time spent in this place.
 D = Time resting spent in this place.
 E = Time spent auto-exploring this place.
 F = Levels seen in this place.
 G = Mean time per level.
                   A        B        C        D        E       F      G
               +--------+--------+--------+--------+--------+-----+--------+
         Total |  24344 |  22683 |   1661 |  10411 |   6813 |  13 | 1872.6 |
       Dungeon |  24153 |  22505 |   1648 |  10411 |   6732 |  12 | 2012.8 |
        Temple |    190 |    177 |     13 |      0 |     81 |   1 |  190.0 |
               +--------+--------+--------+--------+--------+-----+--------+

Top non-repeatable levels by time:
     D:9: 4457 daAuts
     D:8: 3476 daAuts
    D:10: 3178 daAuts
     D:7: 2848 daAuts
    D:11: 2093 daAuts
     D:6: 1882 daAuts
     D:2: 1340 daAuts
     D:4: 1282 daAuts
     D:5: 1236 daAuts
     D:3: 980 daAuts
     D:1: 825 daAuts
    D:12: 551 daAuts
  Temple: 190 daAuts
